UAA
RICHLAND RAILS @ DURHAM RAPIERS
08/22/2018
 
TOP OF THE 1ST
Richland Rails batting - Pitching for Durham Rapiers : RHP Michael Logan
Pitching: RHP Michael Logan
Batting: RHB Alexis Smeddon 0-0: Ball
1-0: Ball
2-0: Foul Ball, location: 2F
2-1: Foul Ball, location: 2F
2-2: Fly out, F8 (Flyball, 8RM)
Batting: RHB Larry Brown 0-0: Called Strike
0-1: Called Strike
0-2: Strikes out swinging
Batting: RHB Ichiyo Fujii 0-0: Ball
1-0: Called Strike
1-1: Foul Ball, location: 2F
1-2: Ball
2-2: Fly out, F7 (Flyball, 78M)
Top of the 1st over - 0 run(s), 0 hit(s), 0 error(s), 0 left on base; Richland 0 - Durham 0
BOTTOM OF THE 1ST
Durham Rapiers batting - Pitching for Richland Rails : RHP Emílio Zaragoza
Pitching: RHP Emílio Zaragoza
Batting: LHB Mayer Röhricht 0-0: Ball
1-0: Ball
2-0: Called Strike
2-1: Fly out, F7 (Flyball, 7D)
Batting: LHB Gonzalo Féliz 0-0: Ball
1-0: Ground out 4-3 (Groundball, 4)
Batting: SHB Dan Godwin 0-0: Ball
1-0: Ball
2-0: Foul Ball, location: 2F
2-1: Swinging Strike
2-2: Strikes out swinging
Bottom of the 1st over - 0 run(s), 0 hit(s), 0 error(s), 0 left on base; Richland 0 - Durham 0
TOP OF THE 2ND
Richland Rails batting - Pitching for Durham Rapiers : RHP Michael Logan
Batting: RHB Francisco Avelleyra 0-0: Foul Ball, location: 2F
0-1: Ball
1-1: Swinging Strike
1-2: SINGLE (Flyball, 89S)
Batting: RHB Roberto Ríos 0-0: Called Strike
0-1: Ball
1-1: Foul Ball, location: 2F
1-2: SINGLE (Groundball, 56D)
Francisco Avelleyra to second
Batting: RHB Andrew Hall 0-0: Ball
1-0: Foul Ball, location: 2F
1-1: Foul Ball, location: 2F
1-2: SINGLE (Line Drive, 7LS)
Francisco Avelleyra to third
Roberto Ríos to second
Batting: RHB Patrick Clark 0-0: Ball
1-0: Swinging Strike
1-1: Ball
2-1: Fly out, F4 (Line Drive, 4)
Batting: RHB Jack Davis 0-0: Called Strike
0-1: Foul Ball, location: 2F
0-2: Fly out, F8 (Flyball, 8LM)
Runner from 3rd tags up, SCORES, no throw
Batting: LHB Roberto Madrid 0-0: Ball
Wild Pitch!
Roberto Ríos to third
Andrew Hall to second
1-0: Swinging Strike
1-1: Fly out, F7 (Flyball, 78S)
Top of the 2nd over - 1 run(s), 3 hit(s), 0 error(s), 2 left on base; Richland 1 - Durham 0
BOTTOM OF THE 2ND
Durham Rapiers batting - Pitching for Richland Rails : RHP Emílio Zaragoza
Batting: LHB Scott Martin 0-0: Called Strike
0-1: Ball
1-1: Ball
2-1: Ball
3-1: Called Strike
3-2: Base on Balls
Batting: RHB Robert Bailey 0-0: Ball
Scott Martin steals 2nd base
1-0: Swinging Strike
1-1: Called Strike
1-2: Foul Ball, location: 2F
1-2: Foul Ball, location: 2F
1-2: Ground out 6-3 (Groundball, 6)
Scott Martin to third
Batting: SHB Roger Wheeler 0-0: Called Strike
0-1: Fly out, F9 (Flyball, 89M)
Runner from 3rd tags up, SCORES, throw made
Batting: RHB Robby Thomas 0-0: Foul Ball, location: 2F
0-1: Called Strike
0-2: Ball
1-2: Ball
2-2: Ground out U3 (Groundball, 3L)
Bottom of the 2nd over - 1 run(s), 0 hit(s), 0 error(s), 0 left on base; Richland 1 - Durham 1
TOP OF THE 3RD
Richland Rails batting - Pitching for Durham Rapiers : RHP Michael Logan
Batting: RHB Alexis Smeddon 0-0: Swinging Strike
0-1: Called Strike
0-2: Strikes out looking
Batting: RHB Larry Brown 0-0: Ball
1-0: Foul Ball, location: 2F
1-1: Fly out, F9 (Line Drive, 9M)
Batting: RHB Ichiyo Fujii 0-0: TRIPLE (Line Drive, 9LS)
Batting: RHB Francisco Avelleyra 0-0: Swinging Strike
0-1: Ball
1-1: Foul Ball, location: 2F
1-2: Strikes out swinging
Top of the 3rd over - 0 run(s), 1 hit(s), 0 error(s), 1 left on base; Richland 1 - Durham 1
BOTTOM OF THE 3RD
Durham Rapiers batting - Pitching for Richland Rails : RHP Emílio Zaragoza
Batting: RHB Dan Lewis 0-0: Ball
1-0: Called Strike
1-1: Ball
2-1: Called Strike
2-2: Foul Ball, location: 2F
2-2: Fly out, F4 (Popup, 89S)
Batting: RHB Ignacio Rodríguez 0-0: Ball
1-0: Ball
2-0: Called Strike
2-1: Foul Ball, location: 2F
2-2: Fly out, F5 (Line Drive, 5)
Batting: LHB Mayer Röhricht 0-0: SINGLE (Flyball, 78S)
Batting: LHB Gonzalo Féliz 0-0: Called Strike
0-1: Called Strike
0-2: Ball
1-2: Foul Ball, location: 2F
1-2: DOUBLE (Flyball, 89M)
Mayer Röhricht to third
Runner from 3rd tries for Home, SAFE, no throw or cutoff
Batting: SHB Dan Godwin 0-0: Called Strike
0-1: Ball
1-1: Ball
2-1: Ball
3-1: Base on Balls
Batting: LHB Scott Martin 0-0: Ground out 4-3 (Groundball, 34)
Bottom of the 3rd over - 1 run(s), 2 hit(s), 0 error(s), 2 left on base; Richland 1 - Durham 2
TOP OF THE 4TH
Richland Rails batting - Pitching for Durham Rapiers : RHP Michael Logan
Batting: RHB Roberto Ríos 0-0: Ball
1-0: Called Strike
1-1: Foul Ball, location: 2F
1-2: Strikes out looking
Batting: RHB Andrew Hall 0-0: Called Strike
0-1: Ball
1-1: Ball
2-1: Foul Ball, location: 2F
2-2: Ball
3-2: Strikes out swinging
Batting: RHB Patrick Clark 0-0: Called Strike
0-1: Ball
1-1: Fly out, F8 (Flyball, 8LS)
Top of the 4th over - 0 run(s), 0 hit(s), 0 error(s), 0 left on base; Richland 1 - Durham 2
BOTTOM OF THE 4TH
Durham Rapiers batting - Pitching for Richland Rails : RHP Emílio Zaragoza
Batting: RHB Robert Bailey 0-0: Foul Ball, location: 2F
0-1: Ground out 5-3 (Groundball, 5D)
Batting: SHB Roger Wheeler 0-0: Called Strike
0-1: Ball
1-1: Swinging Strike
1-2: Ball
2-2: Ball
3-2: Ground out 4-3 (Groundball, 4)
Batting: RHB Robby Thomas 0-0: Ball
1-0: Fly out, F8 (Flyball, 8LM)
Bottom of the 4th over - 0 run(s), 0 hit(s), 0 error(s), 0 left on base; Richland 1 - Durham 2
TOP OF THE 5TH
Richland Rails batting - Pitching for Durham Rapiers : RHP Michael Logan
Batting: RHB Jack Davis 0-0: Foul Ball, location: 2F
0-1: Called Strike
0-2: Ball
1-2: Strikes out swinging
Batting: LHB Roberto Madrid 0-0: Called Strike
0-1: Ball
1-1: Fly out, F6 (Line Drive, 6)
Batting: RHB Alexis Smeddon 0-0: Called Strike
0-1: Ball
1-1: SINGLE (Line Drive, 9LS)
Batting: RHB Larry Brown Pickoff Throw to First - Out!
Top of the 5th over - 0 run(s), 1 hit(s), 0 error(s), 0 left on base; Richland 1 - Durham 2
BOTTOM OF THE 5TH
Durham Rapiers batting - Pitching for Richland Rails : RHP Emílio Zaragoza
Batting: RHB Dan Lewis 0-0: Called Strike
0-1: Swinging Strike
0-2: Foul Ball, location: 2F
0-2: Ball
1-2: Ground out 1-3 (Groundball, 15)
Batting: RHB Ignacio Rodríguez 0-0: Foul Ball, location: 2F
0-1: Ball
1-1: SINGLE (Line Drive, 34)
Batting: LHB Mayer Röhricht 0-0: Called Strike
0-1: Ball
1-1: Fielders Choice at 2nd, 6-4 (Groundball, 6)
Batting: LHB Gonzalo Féliz 0-0: Called Strike
0-1: Ball
1-1: Ground out 4-3 (Groundball, 34)
Bottom of the 5th over - 0 run(s), 1 hit(s), 0 error(s), 1 left on base; Richland 1 - Durham 2
TOP OF THE 6TH
Richland Rails batting - Pitching for Durham Rapiers : RHP Michael Logan
Batting: RHB Larry Brown 0-0: Reaches on Catchers interference
Batting: RHB Ichiyo Fujii 0-0: Foul Ball, location: 2F
0-1: Foul Ball, location: 2F
0-2: Ball
1-2: Foul Ball, location: 2F
1-2: Foul Ball, location: 2F
1-2: Ball
2-2: Foul Ball, location: 2F
2-2: Ball
3-2: Grounds into double play, 5-4-3 (Groundball, 5)
Batting: RHB Francisco Avelleyra 0-0: Ball
1-0: Ball
2-0: Ball
3-0: Base on Balls
Batting: RHB Roberto Ríos 0-0: Called Strike
0-1: Called Strike
0-2: Ball
1-2: Foul Ball, location: 2F
1-2: Foul Ball, location: 2F
1-2: Ball
2-2: Foul Ball, location: 2F
2-2: Foul Ball, location: 2F
2-2: Fly out, F8 (Flyball, 8RM)
Top of the 6th over - 0 run(s), 0 hit(s), 1 error(s), 1 left on base; Richland 1 - Durham 2
BOTTOM OF THE 6TH
Durham Rapiers batting - Pitching for Richland Rails : RHP Emílio Zaragoza
Batting: SHB Dan Godwin 0-0: Ball
1-0: Ball
2-0: Ball
3-0: Called Strike
3-1: Fly out, F7 (Flyball, 7M)
Batting: LHB Scott Martin 0-0: Called Strike
0-1: SINGLE (Line Drive, 3D)
Batting: RHB Robert Bailey 0-0: Ball
1-0: Foul Ball, location: 2F
1-1: DOUBLE (Groundball, 5L)
Scott Martin to third
Batting: SHB Roger Wheeler 0-0: Fly out, F7 (Flyball, 7M)
Runner from 3rd tags up, OUT at HOME
Bottom of the 6th over - 0 run(s), 2 hit(s), 0 error(s), 1 left on base; Richland 1 - Durham 2
TOP OF THE 7TH
Richland Rails batting - Pitching for Durham Rapiers : RHP Michael Logan
Batting: RHB Andrew Hall 0-0: Foul Ball, location: 2F
0-1: Reached on error, E6 (Groundball, 6)
Pinch Runner at 1st Ramón Cruz:
Batting: RHB Patrick Clark 0-0: Ball
1-0: SINGLE (Line Drive, 4D)
Ramón Cruz to second
Runner from 2nd tries for 3rd, SAFE, no throw or cutoff
Batting: RHB Jack Davis 0-0: Ball
1-0: Foul Ball, location: 2F
1-1: Ball
Wild Pitch!
Ramón Cruz scores
Patrick Clark to second
2-1: Intentional Walk
Pinch Runner at 2nd Shelby Reusch:
Batting: LHB Roberto Madrid 0-0: Foul Ball, location: 2F
0-1: Sac Bunt - play at first, batter OUT! 3-4
Shelby Reusch to third
Jack Davis to second
Pinch Hitting: LHB Kevin Montgomery 0-0: Intentional Walk
Pitching: RHP Timothy Jackson
Pinch Hitting: RHB Jim Unknown 0-0: Ball
1-0: Foul Ball, location: 2F
1-1: Ball
2-1: Foul Ball, location: 2F
2-2: Ball
3-2: Base on Balls
Shelby Reusch scores
Jack Davis to third
Kevin Montgomery to second
Batting: RHB Ichiyo Fujii 0-0: Ball
1-0: Ball
Single, Error in OF, E7, batter to second base
Jack Davis scores
Kevin Montgomery scores
Jim Unknown to third
Batting: RHB Francisco Avelleyra 0-0: Called Strike
0-1: Called Strike
0-2: Ground out 5-3 (Groundball, 56S)
Batting: RHB Roberto Ríos 0-0: Ball
1-0: Foul Ball, location: 2F
1-1: Ball
2-1: Ball
3-1: Foul Ball, location: 2F
3-2: Base on Balls
Batting: RHB Ramón Cruz 0-0: Ball
1-0: Fly out, F7 (Flyball, 7M)
Top of the 7th over - 4 run(s), 2 hit(s), 2 error(s), 3 left on base; Richland 5 - Durham 2
BOTTOM OF THE 7TH
Durham Rapiers batting - Pitching for Richland Rails : RHP Emílio Zaragoza
Now at 1B: Jim Unknown
Now at 3B: Ramón Cruz
Now at SS: Shelby Reusch
Batting: RHB Robby Thomas 0-0: Ball
1-0: Ball
2-0: Called Strike
2-1: Foul Ball, location: 2F
2-2: Ground out 1-3 (Groundball, 15)
Batting: RHB Dan Lewis 0-0: Called Strike
0-1: Swinging Strike
0-2: Strikes out swinging
Batting: RHB Ignacio Rodríguez 0-0: Ball
1-0: Ball
2-0: Swinging Strike
2-1: Foul Ball, location: 2F
2-2: Ball
3-2: Fly out, F8 (Flyball, 8RM)
Bottom of the 7th over - 0 run(s), 0 hit(s), 0 error(s), 0 left on base; Richland 5 - Durham 2
TOP OF THE 8TH
Richland Rails batting - Pitching for Durham Rapiers : RHP Timothy Jackson
Batting: SHB Shelby Reusch 0-0: SINGLE (Groundball, 56D)
Batting: RHB Jack Davis 0-0: Grounds into double play, 6-4-3 (Groundball, 6)
Batting: LHB Roberto Madrid 0-0: Called Strike
0-1: Foul Ball, location: 2F
0-2: Ground out 6-3 (Groundball, 6)
Top of the 8th over - 0 run(s), 1 hit(s), 0 error(s), 0 left on base; Richland 5 - Durham 2
BOTTOM OF THE 8TH
Durham Rapiers batting - Pitching for Richland Rails : RHP Emílio Zaragoza
Now at 1B: Wayne Saunders
Batting: LHB Mayer Röhricht 0-0: Ball
1-0: SINGLE (Flyball, 8LM)
Batting: LHB Gonzalo Féliz 0-0: Called Strike
0-1: Ball
1-1: Ball
2-1: Ball
3-1: Fly out, F5 (Popup, 5DF)
Pitching: LHP Jim Unknown
Batting: SHB Dan Godwin 0-0: Called Strike
0-1: Ball
1-1: Ball
2-1: Ball
3-1: Swinging Strike
3-2: Fly out, F9 (Flyball, 89M)
Batting: LHB Scott Martin 0-0: Ball
1-0: SINGLE (Line Drive, 4D)
Mayer Röhricht to second
Batting: RHB Robert Bailey 0-0: Foul Ball, location: 2F
0-1: Foul Ball, location: 2F
0-2: Fly out, F4 (Popup, 34)
Bottom of the 8th over - 0 run(s), 2 hit(s), 0 error(s), 2 left on base; Richland 5 - Durham 2
TOP OF THE 9TH
Richland Rails batting - Pitching for Durham Rapiers : RHP Timothy Jackson
Batting: LHB Kevin Montgomery 0-0: Called Strike
0-1: Ball
1-1: Ball
2-1: Fly out, F8 (Flyball, 8LM)
Batting: SHB Wayne Saunders 0-0: SINGLE (Flyball, 78S)
Batting: RHB Ichiyo Fujii 0-0: SINGLE (Flyball, 89S)
Wayne Saunders to second
Batting: RHB Francisco Avelleyra 0-0: Foul Ball, location: 2F
0-1: Ball
Wild Pitch!
Wayne Saunders to third
Ichiyo Fujii to second
1-1: Foul Ball, location: 2F
1-2: Ball
2-2: Strikes out swinging
Batting: RHB Roberto Ríos 0-0: Swinging Strike
0-1: Ball
1-1: Called Strike
1-2: Ball
2-2: Strikes out looking
Top of the 9th over - 0 run(s), 2 hit(s), 0 error(s), 2 left on base; Richland 5 - Durham 2
BOTTOM OF THE 9TH
Durham Rapiers batting - Pitching for Richland Rails : LHP Jim Unknown
Batting: SHB Roger Wheeler 0-0: Ground out 5-3 (Groundball, 56)
Batting: RHB Robby Thomas 0-0: Swinging Strike
0-1: Called Strike
0-2: Ball
1-2: Strikes out looking
Batting: RHB Dan Lewis 0-0: Fly out, F7 (Flyball, 7LM)
Bottom of the 9th over - 0 run(s), 0 hit(s), 0 error(s), 0 left on base; Richland 5 - Durham 2
This league is powered by Out of the Park Baseball, the baseball management simulation game for PC, Mac and Linux
Monday, May 4th, 2015 - OOTP Baseball 15.6 Build 34